 Dungeon Crawl Stone Soup version 0.27.0-1-g7a089689b8 (webtiles) character file.

Game seed: 4682853936958287925

5481 ZombieSheep the Fighter (level 10, -14/132 HPs)
             Began as a Gnoll Wanderer on Aug 7, 2021.
             Was an Elder of Qazlal.
             Demolished by a titanic slime creature (95 damage)
             ... on level 9 of the Dungeon.
             The game lasted 00:22:11 (10450 turns).

ZombieSheep the Fighter (Gnoll Wanderer)           Turns: 10450, Time: 00:22:12

Health: -14/132    AC: 25    Str: 17    XL:     10   Next: 69%
Magic:  18/18      EV:  2    Int:  9    God:    Qazlal [****..]
Gold:   48         SH:  5    Dex: 12    Spells: 20/20 levels left

rFire    . . .     SeeInvis .   a - +2 quarterstaff (flame)
rCold    + . .     Faith    .   (shield currently unavailable)
rNeg     + + +     Spirit   .   (armour currently unavailable)
rPois    +         Reflect  .   (helmet currently unavailable)
rElec    .         Harm     .   (cloak currently unavailable)
rCorr    .         Rampage  .   (gloves currently unavailable)
Will     .....     NoTele   +   (boots currently unavailable)
Stlth    ++........             (no amulet)
HPRegen  0.32/turn              o - ring of protection from cold
MPRegen  0.16/turn              w - ring of poison resistance

@: tree-form, studying Bows, repel missiles
A: stationary, stasis, torment immunity, boosted hp, (fangs 1), strong nose,
distributed training
a: Renounce Religion, Upheaval, Elemental Force


You were on level 9 of the Dungeon.
You worshipped Qazlal.
Qazlal was greatly pleased with you.
You were a tree.
You visited 1 branch of the dungeon, and saw 9 of its levels.

You collected 620 gold pieces.
You spent 572 gold pieces at shops.

Inventory:

Hand Weapons
 a - a +2 quarterstaff of flaming (weapon)
 b - a +0 shortbow
 i - a +2 vorpal broad axe
 F - a +0 hunting sling
Missiles
 j - 49 sling bullets
 G - 5 arrows
Armour
 c - a +0 pair of gloves of strength (melded)
 f - a +0 plate armour (melded)
 g - a +1 helmet of intelligence (melded)
 p - a +0 kite shield
 q - a +2 pair of boots of stealth (melded)
 t - a +0 chain mail
 I - a +1 cloak of willpower (melded)
Jewellery
 o - a ring of protection from cold (left branch)
 r - a ring of fire
 u - a +4 ring of evasion
 w - a ring of poison resistance (right branch)
 z - a +4 ring of evasion
 E - a +4 ring of protection
Wands
 d - a wand of mindburst (10)
 y - a wand of iceblast (1)
 H - a wand of paralysis (10)
Scrolls
 v - 2 scrolls of holy word
 x - a scroll of fog
 C - 4 scrolls of amnesia
Potions
 e - 2 potions of curing
 h - a potion of might {unknown}
 l - 3 potions of cancellation
 m - 2 potions of lignification
 n - 3 potions of flight
 A - 2 potions of resistance
 B - 2 potions of ambrosia {unknown}


   Skills:
 + Level 11.6 Fighting
 + Level 5.5 Short Blades
 + Level 5.5 Long Blades
 + Level 5.5 Axes
 + Level 5.5 Maces & Flails
 + Level 5.5 Polearms
 + Level 6.1 Staves
 + Level 5.5 Slings
 + Level 7.9 Bows
 + Level 5.5 Crossbows
 + Level 5.5 Throwing
 + Level 5.5 Armour
 + Level 5.5 Dodging
 + Level 7.0 Stealth
 + Level 6.1 Shields
 + Level 5.5 Unarmed Combat
 + Level 5.5 Spellcasting
 + Level 4.5 Conjurations
 + Level 4.5 Hexes
 + Level 4.5 Summonings
 + Level 4.5 Necromancy
 + Level 4.5 Translocations
 + Level 4.5 Transmutations
 + Level 4.5 Fire Magic
 + Level 4.5 Ice Magic
 + Level 4.5 Air Magic
 + Level 4.5 Earth Magic
 + Level 4.5 Poison Magic
 + Level 6.0 Invocations
 + Level 6.1 Evocations


You had 20 spell levels left.
You didn't know any spells.
Your spell library contained the following spells:

 Spells                   Type           Power      Damage    Failure   Level
 Static Discharge         Conj/Air       10%        N/A       5%          2
 Lightning Bolt           Conj/Air       5%         1d17      69%         5
 Maxwell's Capacitive Co  Air            5%         ∞         100%        8


Dungeon Overview and Level Annotations

Branches:
Dungeon (9/15)             Temple (0/1) D:6
   Lair: D:8-11         Orc: D:9-12

Altars:
Ashenzari
Cheibriados
Elyvilon
Fedhas
Kikubaaqudgha
Nemelex Xobeh
Qazlal
Ru
Sif Muna
Wu Jian
Xom
Yredelemnul

Shops:
D:1 !:?


Innate Abilities, Weirdness & Mutations

You are a tree.
Your roots penetrate the ground, keeping you stationary.
You cannot be teleported.
You are immune to unholy pain and torment.
Your maximum health is greatly increased.
Your equipment is partially melded.
((You have very sharp teeth.))
Your uncanny sense of smell can sniff out nearby items.
Your experience applies equally to all skills.


Message History

The slime creature is severely wounded.
The slime creature hits you.
Two slime creatures merge to form a large slime creature.
You hit the large slime creature but do no damage.
The large slime creature is moderately wounded.
You sock the large slime creature! You burn the large slime creature.
The large slime creature is heavily wounded.
The large slime creature hits you!
You hit the large slime creature. You burn the large slime creature.
The large slime creature is heavily wounded.
Two slime creatures merge to form a very large slime creature.
You hit the very large slime creature. You burn the very large slime creature.
The very large slime creature is moderately wounded.
Two slime creatures merge to form an enormous slime creature.
Two slime creatures merge to form a titanic slime creature.
The titanic slime creature is engulfed in freezing vapours.
Things that are here:
a +0 short sword; 5 poisoned darts; a kobold corpse
Aiming: Iceblast
Press: ? - help, Shift-Dir - straight line, f - titanic slime creature
Aim: a titanic slime creature (flame, moderately wounded)
The mass of ice explodes!
The iceblast engulfs the titanic slime creature!!
The titanic slime creature is moderately wounded.
The titanic slime creature is engulfed in blazing flames.
You turn into a tree.
Your +1 cloak of willpower melds into your body.
Your +1 helmet of intelligence melds into your body.
Your +0 pair of gloves of strength melds into your body.
Your +2 pair of boots of stealth melds into your body.
Your +0 plate armour melds into your body.
You feel less strong-willed.
You feel stupid.
You feel weaker.
You feel less stealthy.
Your roots penetrate the ground.
Unknown command.
You sock the titanic slime creature! You burn the titanic slime creature.
The titanic slime creature is heavily wounded.
The titanic slime creature hits you!!!!
Ouch! That really hurt!
You die...

#### #...
#...##############
#...○../..(......#
#.....○§...).....#
#....☼♣○...).)...#
##....J§...))....######
#.........)......#....
#..............8...8..
##.......[........#...#
#......)).....##.###.##
#.....).......#...#...#
#....#.........#.8...8..
...............#...#...#


You could see a titanic slime creature.

Vanquished Creatures
  A wizard (D:9)
  Joseph (D:7)
  Maurice (D:8)
  Maggie (D:9)
  A kobold demonologist (D:9)
  Psyche (D:9)
  A hornet (D:8)
  2 water moccasins
  A sky beast (D:5)
  An ice beast (D:6)
  An orc warrior (D:9)
  A black bear (D:8)
  A necrophage (D:8)
  A centaur (D:8)
  9 kobold brigands
  7 bullfrogs
  4 scorpions
  A wyvern zombie (D:9)
  A water moccasin zombie (D:5)
  A wyvern skeleton (D:7)
  5 killer bees (D:9)
  A howler monkey (D:8)
  A jelly (D:6)
  3 centaur zombies
  3 hounds
  Crazy Yiuf (D:2)
  2 orc priests (D:7)
  A gnoll shaman (D:4)
  2 centaur skeletons
  3 iguanas
  2 orc wizards
  A hound skeleton (D:4)
  3 howler monkey zombies
  Robin (D:4)
  13 gnolls
  A howler monkey skeleton (D:6)
  5 adders
  A white imp (D:6)
  2 ufetubi (D:5)
  2 worms (D:2)
  A dart slug (D:2)
  18 orcs
  10 ball pythons
  4 bats
  A bat zombie (D:8)
  9 endoplasms
  3 giant cockroaches (D:2)
  16 goblins
  12 hobgoblins
  7 jackals
  18 kobolds
  7 quokkas
  6 frilled lizards
  6 rats
  A rat zombie (D:8)
210 creatures vanquished.

Vanquished Creatures (others)
  A killer bee (D:9)
  21 fungi (D:6)
22 creatures vanquished.

Grand Total: 232 creatures vanquished

Notes
Turn   | Place    | Note
-------+----------+-------------------------------------------
     0 | D:1      | Reached skill level 10 in Fighting
     0 | D:1      | ZombieSheep the Gnoll Wanderer began the quest for the Orb.
     0 | D:1      | ZombieSheep set off with the following items: a +2 dagger,
                  | a potion of berserk rage, a +0 quarterstaff, a scroll of
                  | teleportation, a +0 robe
     0 | D:1      | Reached XP level 1. HP: 28/28 MP: 1/1
    32 | D:1      | Found a faded altar of an unknown god.
    61 | D:1      | Became a worshipper of Qazlal Stormbringer
    61 | D:1      | Reached * piety under Qazlal
   104 | D:1      | Found Ziphod's Magic Scroll Shoppe.
   124 | D:1      | Reached XP level 2. HP: 36/36 MP: 2/2
   139 | D:1      | Found Coaquna's Book Shop.
   468 | D:1      | Found Buawk's Distillery.
   801 | D:1      | Reached XP level 3. HP: 34/42 MP: 3/3
  1350 | D:2      | Reached skill level 1 in Bows
  1350 | D:2      | Reached skill level 1 in Invocations
  1474 | D:2      | Reached ** piety under Qazlal
  1493 | D:2      | Reached skill level 1 in Short Blades
  1493 | D:2      | Reached skill level 1 in Long Blades
  1493 | D:2      | Reached skill level 1 in Axes
  1493 | D:2      | Reached skill level 1 in Maces & Flails
  1493 | D:2      | Reached skill level 1 in Polearms
  1493 | D:2      | Reached skill level 1 in Slings
  1493 | D:2      | Reached skill level 1 in Crossbows
  1493 | D:2      | Reached skill level 1 in Throwing
  1493 | D:2      | Reached skill level 1 in Armour
  1493 | D:2      | Reached skill level 1 in Dodging
  1493 | D:2      | Reached skill level 1 in Unarmed Combat
  1493 | D:2      | Reached skill level 1 in Spellcasting
  1605 | D:2      | Reached XP level 4. HP: 40/48 MP: 5/5
  2268 | D:2      | Found a runed translucent door.
  2271 | D:2      | Noticed Crazy Yiuf
  2282 | D:2      | Killed Crazy Yiuf
  2283 | D:2      | Reached skill level 1 in Conjurations
  2283 | D:2      | Reached skill level 1 in Hexes
  2283 | D:2      | Reached skill level 1 in Summonings
  2283 | D:2      | Reached skill level 1 in Necromancy
  2283 | D:2      | Reached skill level 1 in Translocations
  2283 | D:2      | Reached skill level 1 in Transmutations
  2283 | D:2      | Reached skill level 1 in Fire Magic
  2283 | D:2      | Reached skill level 1 in Ice Magic
  2283 | D:2      | Reached skill level 1 in Air Magic
  2283 | D:2      | Reached skill level 1 in Earth Magic
  2283 | D:2      | Reached skill level 1 in Poison Magic
  2711 | D:3      | Reached XP level 5. HP: 51/54 MP: 6/6
  3108 | D:3      | Reached *** piety under Qazlal
  3643 | D:4      | Reached XP level 6. HP: 61/61 MP: 8/8
  3841 | D:4      | Noticed Robin
  4098 | D:4      | Killed Robin
  4370 | D:4      | Reached XP level 7. HP: 65/67 MP: 10/10
  4492 | D:4      | Reached **** piety under Qazlal
  4748 | D:4      | Found a sparkling altar of Nemelex Xobeh.
  4795 | D:5      | Entered Level 5 of the Dungeon
  5310 | D:5      | Reached skill level 5 in Stealth
  5616 | D:5      | Reached XP level 8. HP: 71/74 MP: 12/12
  6190 | D:6      | Found a shimmering blue altar of Sif Muna.
  6641 | D:6      | Found a staircase to the Ecumenical Temple.
  6814 | D:6      | Reached skill level 5 in Bows
  7307 | D:7      | Reached skill level 11 in Fighting
  7394 | D:7      | Noticed Joseph
  7401 | D:7      | Reached XP level 9. HP: 67/81 MP: 14/14
  7412 | D:7      | Killed Joseph
  7675 | D:7      | Found a basalt altar of Yredelemnul.
  7913 | D:7      | Found a blossoming altar of Fedhas.
  8057 | D:7      | Found a sacrificial altar of Ru.
  8072 | D:7      | Reached skill level 5 in Staves
  8072 | D:7      | Reached skill level 5 in Shields
  8072 | D:7      | Reached skill level 5 in Evocations
  8185 | D:8      | Noticed a hornet
  8189 | D:8      | Killed a hornet
  8375 | D:8      | Found a broken altar of Ashenzari.
  8628 | D:8      | Found a white marble altar of Elyvilon.
  8629 | D:8      | Found an ornate altar of the Wu Jian Council.
  8659 | D:8      | Reached skill level 5 in Invocations
  8717 | D:8      | Found an ancient bone altar of Kikubaaqudgha.
  8839 | D:8      | Noticed Maurice
  8844 | D:8      | Killed Maurice
  9147 | D:8      | Found a snail-covered altar of Cheibriados.
  9660 | D:1      | Bought a scroll of acquirement for 572 gold pieces
  9660 | D:1      | Acquired a +0 pair of gloves of strength
  9893 | D:9      | Found a shimmering altar of Xom.
  9893 | D:9      | Noticed Psyche
  9896 | D:9      | Killed Psyche
  9897 | D:9      | Reached XP level 10. HP: 88/88 MP: 17/17
  9919 | D:9      | Identified the +1 ring mail of Qoto {Rampage Will+}
  9988 | D:9      | Noticed a wizard
 10000 | D:9      | Killed a wizard
 10001 | D:9      | Reached skill level 5 in Short Blades
 10001 | D:9      | Reached skill level 5 in Long Blades
 10001 | D:9      | Reached skill level 5 in Axes
 10001 | D:9      | Reached skill level 5 in Maces & Flails
 10001 | D:9      | Reached skill level 5 in Polearms
 10001 | D:9      | Reached skill level 5 in Slings
 10001 | D:9      | Reached skill level 5 in Crossbows
 10001 | D:9      | Reached skill level 5 in Throwing
 10001 | D:9      | Reached skill level 5 in Armour
 10001 | D:9      | Reached skill level 5 in Dodging
 10001 | D:9      | Reached skill level 5 in Unarmed Combat
 10001 | D:9      | Reached skill level 5 in Spellcasting
 10029 | D:9      | Noticed Maggie
 10037 | D:9      | Killed Maggie
 10353 | D:9      | Noticed a kobold demonologist
 10358 | D:9      | Killed a kobold demonologist
 10450 | D:9      | Demolished by a titanic slime creature

Illustrated notes

Levels and vault maps discovered:
D:1:      lemuel_arrival_river_bridge, layout_loops_cross, serial_shops,
          nicolae_shop_waterfront, shop_statue, nicolae_shop_crystal,
          hellmonk_ecumenical_altar_pennies_from_heaven, st_stairs_8
D:2:      kennysheep_six_static_rooms, layout_loops_ring, minmay_between,
          uniq_crazy_yiuf_cottage
D:3:      layout_rooms, grunt_ministairs_6, roderic_lattice_a
D:4:      layout_gridville, nemelex_dance_club_becter, uniq_robin
D:5:      layout_gridville, fountainhead, grunt_ministairs_14
D:6:      layout_basic, lemuel_crystal_altar, minmay_temple_entry_large_hall,
          serial_aquarium, aquarium_bridge_island_small
          [aquarium_subvault_small_water, aquarium_subvault_wall,
          aquarium_subvault_window, aquarium_subvault_bridge,
          aquarium_subvault_wall], aquarium_bridge_square
          [aquarium_subvault_bridge, aquarium_subvault_bridge,
          aquarium_subvault_bridge, aquarium_subvault_window],
          aquarium_window_1, aquarium_window_1, aquarium_window_corner,
          aquarium_window_corner, aquarium_view_2c, aquarium_view_2f,
          aquarium_balcony_5b, aquarium_pool_1, hangedman_decor_lopped
D:7:      layout_loops_ring, lemuel_tele_altar, kennysheep_mini_moat,
          old_standard_altar, uniq_joseph
D:8:      layout_basic, mainiacjoe_overflow_alcove_4,
          mainiacjoe_overflow_catwalk_spiral, evilmike_ruin_ashenzari,
          lemuel_zombie_altar_kikubaaqudgha, uniq_maurice
D:9:      layout_rooms, mainiacjoe_overflow_boulevard,
          lemuel_coloured_pillars_altar, special_room [special_room_kobold],
          small_chamber_with_monster, minmay_misc_feat_four_crosses,
          grunt_ministairs_1, hangedman_ranch, uniq_psyche, uniq_maggie

Skill      XL: |  1  2  3  4  5  6  7  8  9 10 |
---------------+-------------------------------+-----
Fighting       | 11 | 11.6
Bows           | 1 2 3 4 5 7 |  7.9
Invocations    | 1 2 3 4 5 6 |  6.0
Short Blades   | 1 2 3 4 5 |  5.5
Long Blades    | 1 2 3 4 5 |  5.5
Axes           | 1 2 3 4 5 |  5.5
Maces & Flails | 1 2 3 4 5 |  5.5
Polearms       | 1 2 3 4 5 |  5.5
Slings         | 1 2 3 4 5 |  5.5
Crossbows      | 1 2 3 4 5 |  5.5
Throwing       | 1 2 3 4 5 |  5.5
Armour         | 1 2 3 4 5 |  5.5
Dodging        | 1 2 3 4 5 |  5.5
Unarmed Combat | 1 2 3 4 5 |  5.5
Spellcasting   | 1 2 3 4 5 |  5.5
Conjurations   | 1 2 3 4 |  4.5
Hexes          | 1 2 3 4 |  4.5
Summonings     | 1 2 3 4 |  4.5
Necromancy     | 1 2 3 4 |  4.5
Translocations | 1 2 3 4 |  4.5
Transmutations | 1 2 3 4 |  4.5
Fire Magic     | 1 2 3 4 |  4.5
Ice Magic      | 1 2 3 4 |  4.5
Air Magic      | 1 2 3 4 |  4.5
Earth Magic    | 1 2 3 4 |  4.5
Poison Magic   | 1 2 3 4 |  4.5
Staves         | 3 4 5 6 |  6.1
Shields        | 3 4 5 6 |  6.1
Evocations     | 3 4 5 6 |  6.1
Stealth        | 5 6 7 |  7.0

Action                   |  1- 3 |  4- 6 |  7- 9 | 10-12 || total
-------------------------+-------+-------+-------+-------++-------
Melee: Quarterstaff      |   116 |   157 |   279 |   111 ||   663
       Bite              |     5 |     6 |    28 |     9 ||    48
 Fire: Hunting sling     |       |    90 |     8 |       ||    98
       Shortbow          |       |       |       |     5 ||     5
Invok: Upheaval          |       |       |       |     4 ||     4
Evoke: Wand              |       |       |    10 |     1 ||    11
  Use: Scroll            |     3 |     7 |    10 |     1 ||    21
       Potion            |       |     1 |     2 |     7 ||    10
 Stab: Invisible         |       |       |       |     5 ||     5
Armor: Robe              |     4 |       |       |       ||     4
       Leather armour    |    20 |       |       |       ||    20
       Scale mail        |    20 |    97 |   100 |       ||   217
       Chain mail        |       |       |    58 |    59 ||   117
       Plate armour      |       |       |       |    51 ||    51
Dodge: Dodged            |    53 |   118 |   122 |    96 ||   389
Block: Other             |     7 |    32 |    74 |    59 ||   172
